General information
- name: BNet
- type: Ladder 1vs1/FFA
- host: Battle.net
- saver: Radon-r1sk
map: TirisfalGlades
- players: 2
- length: 14:01
- speed: Fast
- version: 1.21 W3XP
- replay type: Public
» download(36 KB)
Players
team 1 (winner)
Radon-r1sk (
orange | 45 APM | 636 actions | 14:01)
5 Blademaster
2 Wind Walk
3 Critical Strike
» actions
| Assign group hotkey | 4 | |
| Basic commands | 59 | |
| Build / train | 37 | |
| ESC pressed | 1 | |
| Enter build submenu | 11 | |
| Enter hero's abilities submenu | 5 | |
| Give item / drop item | 2 | |
| Right click | 277 | |
| Select / deselect | 190 | |
| Select group hotkey | 7 | |
| Use ability | 43 | |
636 total
» units
» buildings
| Altar of Storms | 1 | |
| Orc Burrow | 5 | |
| Barracks | 1 | |
| Voodoo Lounge | 1 | |
| Stronghold | 1 | |
| Beastiary | 3 | |
12 total
» build order
00:06 Altar of Storms
00:19 Orc Burrow
00:34 Barracks
01:21 Voodoo Lounge
01:55 Orc Burrow
04:13 Stronghold
06:08 Orc Burrow
06:54 Beastiary
06:58 Beastiary
08:10 Orc Burrow
09:08 Orc Burrow
10:53 Beastiary
» items
| Healing Salve | 2 | |
| Lesser Clarity Potion | 5 | |
| Boots of Speed | 1 | |
| Potion of Healing | 1 | |
9 total
team 2 (loser)
bob_my_knob (
purple | 58 APM | 814 actions | 13:55)
4 Blademaster
2 Mirror Image
2 Wind Walk
1 Tauren Chieftain
1 War Stomp
» actions
| Assign group hotkey | 19 | |
| Build / train | 36 | |
| Enter build submenu | 15 | |
| Enter hero's abilities submenu | 5 | |
| Remove unit from queue | 1 | |
| Right click | 135 | |
| Select / deselect | 184 | |
| Select group hotkey | 360 | |
| Use ability | 59 | |
814 total
» units
| Peon | 8 | |
| Grunt | 4 | |
| Troll Headhunter/Berserker | 4 | |
| Assassin | 1 | |
| Murloc Huntsman | 1 | |
| Demolisher | 1 | |
| Wind Rider | 3 | |
22 total
» buildings
| Orc Burrow | 5 | |
| Barracks | 1 | |
| Altar of Storms | 1 | |
| War Mill | 1 | |
| Watch Tower | 1 | |
| Stronghold | 1 | |
| Voodoo Lounge | 3 | |
| Beastiary | 1 | |
| Fortress | 1 | |
15 total
» build order
00:25 Orc Burrow
00:38 Barracks
00:59 Altar of Storms
01:11 Orc Burrow
03:08 War Mill
03:57 Orc Burrow
04:29 Watch Tower
05:17 Orc Burrow
05:43 Stronghold
06:05 Voodoo Lounge
07:13 Voodoo Lounge
07:51 Voodoo Lounge
08:10 Orc Burrow
08:53 Beastiary
09:06 Fortress
» items
| Scroll of Healing | 2 | |
| Orb of Lightning | 2 | |
4 total
Chat log
(10:45 / All) bob_my_knob: noob shit